 Dungeon Crawl Stone Soup version 0.29-a0-284-gf9362112df (webtiles) character file.

Game seed: 1251146615837123917

16 brightf1ame the Vexing (level 2, 0/21 HPs)
             Began as a Formicid Arcane Marksman on Mar 24, 2022.
             Slain by a bat (1 damage)
             ... on level 1 of the Dungeon.
             The game lasted 00:08:56 (417 turns).

brightf1ame the Vexing (Formicid Arcane Marksman)    Turns: 417, Time: 00:08:57

Health: 0/21       AC:  2    Str: 14    XL:     2   Next: 70%
Magic:  3/3        EV: 12    Int: 12    God:
Gold:   51         SH:  0    Dex: 17    Spells: 2/3 levels left

rFire   . . .      SeeInvis +   a - +0 hand crossbow
rCold   . . .      Faith    .   (no shield)
rNeg    . . .      Spirit   .   b - +0 robe
rPois   .          Reflect  .   (helmet unavailable)
rElec   .          Harm     .   (no cloak)
rCorr   .          Rampage  .   (no gloves)
Will    .....                   (no boots)
Stlth   ++........              (no amulet)
HPRegen 0.07/turn               e - +6 ring of dexterity
MPRegen 0.08/turn               (no ring)

@: no status effects
A: permanent stasis, dig shafts and tunnels, antennae 3, four strong arms
a: Dig, Shaft Self


You were on level 1 of the Dungeon.
You visited 1 branch of the dungeon, and saw 1 of its levels.

You collected 51 gold pieces.

Inventory:

Hand Weapons
 a - a +0 hand crossbow (weapon)
 d - a +1 dagger of protection
Armour
 b - a +0 robe (worn)
Jewellery
 e - a +6 ring of dexterity (left hand)
Scrolls
 c - a scroll of vulnerability


   Skills:
 + Level 1.2 Fighting
 + Level 2.2 Crossbows
 + Level 2.0 Dodging
 + Level 0.3 Stealth
 + Level 1.1 Spellcasting
 + Level 4.1 Hexes


You had 2 spell levels left.
You knew the following spells:

 Your Spells              Type           Power      Damage    Failure   Level
a - Slow                  Hex            40%        N/A       5%          1

Your spell library contained the following spells:

 Spells                   Type           Power      Damage    Failure   Level
 Summon Small Mammal      Summ           0%         N/A       30%         1
 Inner Flame              Hex/Fire       5%         N/A       36%         3
 Portal Projectile        Hex/Tloc       10%        N/A       36%         3
 Cause Fear               Hex            5%         N/A       50%         4


Dungeon Overview and Level Annotations

Branches:
Dungeon (1/15)

Altars:


Innate Abilities, Weirdness & Mutations

You cannot be hasted, slowed, berserked, paralysed or teleported.
You can dig through walls and to a lower floor.
You have a pair of large antennae on your head. (SInv)
Your four strong arms can wield two-handed weapons with a shield.


Message History

You shoot a bolt.
The bolt hits the giant cockroach but does no damage.
The giant cockroach is heavily wounded.
The bat barely misses you. The giant cockroach bites you.
* * * LOW HITPOINT WARNING * * *
The giant cockroach barely misses you.
Shoot: a) +0 hand crossbow
Press: ? - help, Q - select action, (/) - cycle Shift-Dir - straight line, f/p - giant cockroach
Aim: a giant cockroach (moderately wounded, 62% to hit)
You shoot a bolt.
The bolt closely misses the giant cockroach.
The bat barely misses you.
The giant cockroach bites you but does no damage.
Shoot: a) +0 hand crossbow
Press: ? - help, Q - select action, (/) - cycle Shift-Dir - straight line, f/p - giant cockroach
Aim: a giant cockroach (moderately wounded, 62% to hit)
You shoot a bolt. The bolt hits the giant cockroach.
The giant cockroach is heavily wounded.
The giant cockroach closely misses you. The bat hits you.
* * * LOW HITPOINT WARNING * * *
The bat hits you but does no damage. The giant cockroach barely misses you.
Shoot: a) +0 hand crossbow
Press: ? - help, Q - select action, (/) - cycle Shift-Dir - straight line, f/p - giant cockroach
Aim: a giant cockroach (heavily wounded, 62% to hit)
You shoot a bolt.
The bolt hits the giant cockroach but does no damage.
The giant cockroach is heavily wounded.
The bat barely misses you.
The giant cockroach closely misses you. x2
Shoot: a) +0 hand crossbow
Press: ? - help, Q - select action, (/) - cycle Shift-Dir - straight line, f/p - giant cockroach
Aim: a giant cockroach (heavily wounded, 62% to hit)
You shoot a bolt. The bolt hits the giant cockroach.
You kill the giant cockroach!
The bat misses you. The bat closely misses you.
Shoot: a) +0 hand crossbow
Press: ? - help, Q - select action, (/) - cycle Shift-Dir - straight line, f - bat
Aim: a bat (48% to hit)
You shoot a bolt. The bolt closely misses the bat.
The bat hits you.
You die...

#.^##...##,,,...##****,***
#.......#***,.....,,,,,,,,
######..###*,...,,,,,,,,**
##...###.#*******,,,,
#.......###### **,**
#........?...#* *,*
#..)######.#..***,* ##.b#
*,,***,,,,,* #.@#***,**
**,**** #.†....#* **,*
#.#####.#* **,** #.*
**,***,**
***#.*******,*,**
*,,..,,>,,***,**
*,,#.****,* *,*
*,,#.****,***,*
*,,*,,,,,,,,,,*


You could see a bat.

Vanquished Creatures
  A ball python (D:1)
  An endoplasm (D:1)
  2 giant cockroaches (D:1)
  3 hobgoblins (D:1)
  A quokka (D:1)
  A bat (D:1)
  A frilled lizard (D:1)
  3 kobolds (D:1)
  A rat (D:1)
14 creatures vanquished.

Notes
Turn   | Place    | Note
-------+----------+-------------------------------------------
     0 | D:1      | brightf1ame the Formicid Arcane Marksman began the quest
                  | for the Orb.
     0 | D:1      | Reached XP level 1. HP: 15/15 MP: 2/2
   272 | D:1      | Reached XP level 2. HP: 15/21 MP: 3/3
   285 | D:1      | Reached skill level 4 in Hexes
   339 | D:1      | Found a faded altar of an unknown god.
   352 | D:1      | Got Plato's Handbook of Calling
   412 | D:1      | HP: 1/21 [giant cockroach (2)]
   417 | D:1      | Slain by a bat

Illustrated notes

Levels and vault maps discovered:
D:1:      nicolae_arrival_memento_mori, layout_loops_ring,
          shapermc_ecumenical_altar_rom_forum

Skill      XL: |  1  2 |
---------------+-------+-----
Dodging        | 2 |  2.0
Hexes          | 4 |  4.1
Fighting       | |  1.2
Crossbows      | |  2.2
Stealth        | |  0.3
Spellcasting   | |  1.1

Action                   || total
-------------------------++-------
Melee: Dagger            ||     4
 Fire: Hand crossbow     ||    53
  Use: Scroll            ||     1
       Potion            ||     1
Armor: Robe              ||    18
Dodge: Dodged            ||    65

Table legend: (Time is in decaauts)
 A = Elapsed time spent in this place.
 B = Non-inter-level travel time spent in this place.
 C = Inter-level travel time spent in this place.
 D = Time resting spent in this place.
 E = Time spent auto-exploring this place.
 F = Levels seen in this place.
 G = Mean time per level.
                   A        B        C        D        E       F      G
               +--------+--------+--------+--------+--------+-----+--------+
         Total |    435 |    257 |    178 |      0 |      0 |   1 |  435.0 |
       Dungeon |    435 |    257 |    178 |      0 |      0 |   1 |  435.0 |
               +--------+--------+--------+--------+--------+-----+--------+

Top non-repeatable levels by time:
     D:1: 435 daAuts
